 Dungeon Crawl Stone Soup version 0.17.1-1-g73c8601 (webtiles) character file.

1630 trogs the Conjurer (level 8, -5/41 HPs)
             Began as a Gargoyle Wizard on Mar 30, 2016.
             Was a Follower of Vehumet.
             Shot with an arrow by a centaur warrior (8 damage)
             ... on level 11 of the Dungeon on Mar 31, 2016.
             The game lasted 01:03:08 (8255 turns).

trogs the Conjurer (Gargoyle Wizard)                Turns: 8255, Time: 01:03:09

Health: -5/41      AC:  8    Str: 11    XL:     8   Next: 97%
Magic:  16/17      EV: 13    Int: 21    God:    Vehumet [*.....]
Gold:   240        SH:  0    Dex:  8    Spells: 5 memorised, 9 levels left

rFire  . . .     SeeInvis .     U - +1 whip (elec)
rCold  . . .     Clarity  .     p - +0 robe
rNeg   + . .     SustAt   .     (no shield)
rPois  ∞         Gourm    .     b - +0 hat
rElec  +         Spirit   .     (no cloak)
rCorr  .         Warding  .     T - +0 pair of gloves
rMut   +         Stasis   .     (no boots)
MR     .....                    R - amulet of resist mutation
Stlth  ++........               D - ring of poison resistance
                                (no ring)

@: not resistant to hostile enchantments, unstealthy
A: negative energy resistance 1, electricity resistance, unbreathing,
petrification resistance, rot immunity, AC +5
a: Renounce Religion


You were on level 11 of the Dungeon.
You worshipped Vehumet.
Vehumet was aware of your devotion.
You were hungry.

You visited 1 branch of the dungeon, and saw 9 of its levels.

You collected 312 gold pieces.
You spent 72 gold pieces at shops.

Inventory:

Hand Weapons
 e - a +0 club
 h - a +2 club
 i - a +0 whip
 n - a +0 mace
 x - a +0 dagger
 z - a +0 flail
 L - a +0 war axe of venom
 U - a +1 whip of electrocution (weapon)
Missiles
 g - 100 stones (quivered)
 l - 9 poisoned needles
 S - 37 sling bullets
Armour
 a - a +0 robe
 b - a +0 hat (worn)
 p - a +0 robe (worn)
 T - a +0 pair of gloves (worn)
 V - a +1 chain mail of fire resistance
Jewellery
 k - an uncursed amulet of resist corrosion
 D - a ring of poison resistance (right hand)
 R - an amulet of resist mutation (around neck)
Wands
 v - a wand of random effects (48)
 y - a wand of flame (0)
 B - a wand of frost (28)
 E - a wand of disintegration (10)
 F - a wand of magic darts (6)
Scrolls
 j - 3 scrolls of identify
 q - 2 scrolls of fog
 C - a scroll of magic mapping
 I - a scroll of immolation
 M - a scroll of teleportation {unknown}
 N - 4 scrolls of remove curse
 P - a scroll of silence {unknown}
Potions
 m - a potion of cure mutation {unknown}
 o - a potion of ambrosia {unknown}
 r - 2 potions of poison {unknown}
 s - 4 potions of curing {unknown}
 t - a potion of heal wounds
 w - a potion of berserk rage
 H - a potion of haste {unknown}
 O - 2 potions of brilliance {unknown}
 Q - 2 potions of mutation {unknown}
 W - a potion of lignification {unknown}
Books
 c - a book of Minor Magic

   Spells                             Type                      Level
   a - Magic Dart                     Conjuration                  1
   b - Blink                          Translocation                2
   c - Call Imp                       Summoning                    2
   d - Repel Missiles                 Charms/Air                   2
   e - Slow                           Hexes                        2
   f - Conjure Flame                  Conjuration/Fire             3
   g - Mephitic Cloud                 Conjuration/Poison/Air       3
Comestibles
 d - a bread ration
 f - a fruit
 u - a slice of pizza
 A - 3 meat rations
 G - a royal jelly
 J - 2 beef jerkies


   Skills:
 * Level 4.3 Dodging
 - Level 2.1 Stealth
 + Level 6.2 Spellcasting
 + Level 6.3 Conjurations
   Level 0.8 Summonings
 - Level 0.8 Translocations
 + Level 3.6 Fire Magic
 + Level 2.6 Air Magic


You had 9 spell levels left.
You knew the following spells:

 Your Spells              Type           Power        Failure   Level  Hunger
a - Magic Dart            Conj           ####         1%          1    None
b - Conjure Flame         Conj/Fire      ####....     3%          3    #......
c - Mephitic Cloud        Conj/Pois/Air  ###.....     10%         3    #......
d - Blink                 Tloc           N/A          12%         2    None
e - Shock                 Conj/Air       ####         1%          1    None


Dungeon Overview and Level Annotations

Branches:
Dungeon (11/15)            Temple (0/1) D:5
   Lair: D:8-11         Orc: D:9-12

Altars:
Cheibriados
Elyvilon
Fedhas
Gozag
Makhleb
Okawaru
Qazlal
Trog
Vehumet
Yredelemnul
Zin
The Shining One

Shops:
D:7 ??(


Innate Abilities, Weirdness & Mutations

You are resistant to torment.
Your stone body is resilient (AC +5).
You are immune to poison.
You resist negative energy.
You are resistant to electric shocks.
You can survive without breathing.
You are immune to petrification.
You are immune to rotting.


Message History

Confirm with . or Enter, or press ? or * to list all spells.
You blink.
The centaur warrior shoots an arrow.
The arrow hits you!
* * * LOW HITPOINT WARNING * * *
Read which item? (? for menu, Esc to quit)
As you read the scroll of fog, it crumbles to dust.
The scroll dissolves into smoke.
Read which item? (? for menu, Esc to quit)
As you read the scroll labeled YTOSHU LOEJUET, it crumbles to dust.
You assume a fearsome visage.
The centaur warrior looks frightened!
The ogre looks frightened!
It was a scroll of fear.
Read which item? (? for menu, Esc to quit)
Okay, then.
The centaur warrior cowers, then darts away.
You open the door.
There is an open door here.
The centaur warrior shoots an arrow.
The arrow hits you.
* * * LOW HITPOINT WARNING * * *
You see here an arrow.
The centaur warrior shoots an arrow.
The arrow hits you!
You die...

#. #. #.
###'#####
#..Oc.(.#
#.......###
+.......'.#
#.....§§#(###
#....§§§#.@.#
#....§§§###.#
#....§§§# .#
#?.....§# ..
#.......# ###
#########


You could see a centaur warrior and an ogre (fleeing).

Vanquished Creatures
  2 orc warriors
  A sky beast (D:7)
  A necrophage (D:7)
  A phantom (D:7)
  An ogre (D:6)
  A giant frog (D:7)
  2 scorpions
  3 jellies
  3 crimson imps
  A giant frog skeleton (D:4)
  An orc priest (D:7)
  Ijyb (D:3)
  8 orc wizards
  5 worker ants
  Terence (D:3)
  Natasha (D:3)
  2 iguanas
  2 hound zombies
  5 adders
  A shadow imp (D:5)
  3 worms
  2 adder skeletons
  8 giant geckos
  14 orcs
  7 bats
  6 giant cockroaches
  7 goblins
  6 hobgoblins
  9 jackals
  A quokka (D:5)
  3 ball pythons
  A giant gecko skeleton (D:7)
  14 giant newts
  7 kobolds
  A kobold skeleton (D:4)
  2 quokka skeletons
  2 quokka zombies
  12 rats
148 creatures vanquished.

Vanquished Creatures (others)
  The ghost of Implojin the Shield-Bearer, a weakling TrFi (D:4)
  4 jackals (D:4)
5 creatures vanquished.

Grand Total: 153 creatures vanquished

Notes
Turn   | Place    | Note
--------------------------------------------------------------
     0 | D:1      | trogs the Gargoyle Wizard began the quest for the Orb.
     0 | D:1      | Reached XP level 1. HP: 10/10 MP: 4/4
   442 | D:1      | Reached XP level 2. HP: 15/15 MP: 0/6
   904 | D:1      | Reached XP level 3. HP: 19/19 MP: 2/7
  1021 | D:1      | Learned a level 3 spell: Conjure Flame
  1025 | D:1      | Learned a level 3 spell: Mephitic Cloud
  1441 | D:2      | Reached XP level 4. HP: 15/24 MP: 3/9
  2077 | D:3      | Reached skill level 4 in Spellcasting
  2100 | D:3      | Reached XP level 5. HP: 23/28 MP: 5/11
  2161 | D:3      | Noticed a moth of wrath
  2161 | D:3      | Noticed Ijyb
  2237 | D:3      | Killed Ijyb
  2636 | D:3      | Learned a level 2 spell: Blink
  2841 | D:3      | Found a bloodstained altar of Trog.
  3113 | D:3      | Noticed Terence
  3131 | D:3      | Killed Terence
  3293 | D:3      | Noticed Natasha
  3301 | D:3      | Killed Natasha
  3301 | D:3      | Reached XP level 6. HP: 18/32 MP: 6/13
  3362 | D:4      | Noticed Implojin's ghost (weakling TrFi)
  3397 | D:4      | Found an opulent altar of Gozag.
  3800 | D:4      | Found a runed door.
  3800 | D:4      | Noticed a human
  3802 | D:4      | Found a basalt altar of Yredelemnul.
  3871 | D:4      | Killed Implojin's ghost
  4019 | D:4      | Reached skill level 5 in Spellcasting
  4019 | D:4      | Reached skill level 5 in Conjurations
  4333 | D:5      | Entered Level 5 of the Dungeon
  4350 | D:5      | Found a stormy altar of Qazlal.
  4362 | D:5      | Found a blossoming altar of Fedhas.
  4416 | D:5      | Reached skill level 1 in Fire Magic
  4589 | D:5      | Reached XP level 7. HP: 33/36 MP: 14/14
  4605 | D:5      | Found a radiant altar of Vehumet.
  4675 | D:5      | Found a burning altar of Makhleb.
  4681 | D:5      | Became a worshipper of Vehumet
  4712 | D:5      | Found a staircase to the Ecumenical Temple.
  4787 | D:5      | Found a snail-covered altar of Cheibriados.
  4942 | D:5      | Reached skill level 1 in Air Magic
  5269 | D:6      | Found an iron altar of Okawaru.
  6315 | D:7      | Reached XP level 8. HP: 34/41 MP: 11/16
  6400 | D:7      | Found Wigus's Magic Scroll Emporium.
  6528 | D:7      | Found Uxypeit's Magic Scroll Emporium.
  6576 | D:7      | Reached * piety under Vehumet
  6576 | D:7      | Offered knowledge of Shock by Vehumet.
  6796 | D:7      | Reached skill level 6 in Spellcasting
  6800 | D:7      | Found Cuokhy's Antique Weapon Shop.
  6820 | D:7      | Bought a glowing whip for 72 gold pieces
  7398 | D:6      | Learned a level 1 spell: Shock
  8032 | D:7      | Found a glowing golden altar of the Shining One.
  8032 | D:7      | Found a glowing silver altar of Zin.
  8034 | D:7      | Found a white marble altar of Elyvilon.
  8240 | D:8      | You fall through a shaft for 3 floors!
  8243 | D:11     | Noticed a centaur warrior
  8255 | D:11     | Shot with an arrow by a centaur warrior

Action                   |  1- 3 |  4- 6 |  7- 9 || total
-------------------------+-------+-------+-------++-------
Melee: Unarmed           |    20 |       |       ||    20
       Club              |    22 |    32 |       ||    54
       Whip              |    46 |    89 |    20 ||   155
       Mace              |       |    38 |    50 ||    88
       Flail             |       |       |    16 ||    16
       Dagger            |       |       |     2 ||     2
Throw: Stone             |     6 |    25 |    13 ||    44
 Cast: Magic Dart        |    60 |   158 |   186 ||   404
       Conjure Flame     |       |     4 |     6 ||    10
       Blink             |       |       |     3 ||     3
       Shock             |       |       |     6 ||     6
       Mephitic Cloud    |       |       |     3 ||     3
  Use: Scroll            |       |     6 |     3 ||     9
 Stab: Sleeping          |     1 |       |       ||     1
  Eat: Chunk             |     2 |     2 |     6 ||    10
       Bread ration      |       |     2 |     1 ||     3
